 Dungeon Crawl Stone Soup version 0.29.1-15-g9cfb28693d (webtiles) character file.

Game seed: 4382419082081413278

182 Farfigtubin the Chopper (level 5, -4/47 HPs)
             Began as a Hill Orc Fighter on Feb 23, 2023.
             Was a Follower of Beogh.
             Slain by Pikel
             ... wielding a +1 whip of freezing
              (8 damage)
             ... on level 3 of the Dungeon.
             The game lasted 00:20:41 (2736 turns).

Farfigtubin the Chopper (Hill Orc Fighter)          Turns: 2736, Time: 00:20:41

Health: -4/47      AC: 13    Str: 27    XL:     5   Next: 62%
Magic:  5/5        EV:  9    Int:  8    God:    Beogh [*.....]
Gold:   224        SH:  4    Dex: 10    Spells: 4/4 levels left

rFire   . . .      SeeInvis .   a - +0 war axe
rCold   . . .      Faith    .   c - +0 buckler
rNeg    . . .      Spirit   .   b - +0 scale mail
rPois   .          Reflect  .   (no helmet)
rElec   .          Harm     .   n - +0 cloak
rCorr   .          Rampage  .   z - +0 pair of gloves
Will    .....                   (no boots)
Stlth   ..........              A - amulet of regeneration
HPRegen 0.95/turn               q - +6 ring of strength
MPRegen 0.09/turn               j - +4 ring of protection

@: mighty, studying Staves
A: no striking features
a: Renounce Religion


You were on level 3 of the Dungeon.
You worshipped Beogh.
Beogh was aware of your devotion.
You visited 1 branch of the dungeon, and saw 4 of its levels.

You collected 224 gold pieces.

Inventory:

Hand Weapons
 a - a +0 war axe (weapon)
Missiles
 e - 37 stones (quivered)
 v - 4 javelins
Armour
 b - a +0 scale mail (worn)
 c - a +0 buckler (worn)
 n - a +0 cloak (worn)
 z - a +0 pair of gloves (worn)
Jewellery
 f - a ring of resist corrosion
 j - a +4 ring of protection (right hand)
 q - a +6 ring of strength (left hand)
 t - a +6 ring of dexterity
 A - an amulet of regeneration (around neck)
Wands
 B - a wand of charming (11)
 C - a wand of roots (6)
Scrolls
 h - a scroll of blinking {unknown}
 k - a scroll of teleportation {unknown}
 l - 2 scrolls of identify
 m - 2 scrolls of noise {unknown}
 r - a scroll of butterflies {unknown}
 s - 2 scrolls of immolation {unknown}
 y - a scroll of enchant weapon {unknown}
Potions
 d - a potion of might
 g - 5 potions of curing
 i - a potion of heal wounds {unknown}
 o - a potion of cancellation {unknown}
 p - a potion of flight {unknown}
 u - 2 potions of haste {unknown}
 w - a potion of resistance {unknown}
 x - a potion of ambrosia {unknown}


   Skills:
 + Level 4.5 Fighting
 * Level 5.2 Axes
 + Level 4.3 Armour
 + Level 4.0 Shields


You had 4 spell levels left.
You didn't know any spells.
Your spell library was empty.

Dungeon Overview and Level Annotations

Branches:
Dungeon (4/15)
 Temple: D:4-7

Altars:
Nemelex Xobeh

Annotations:
D:3 Pikel


Message History

The endoplasm barely misses you. Something hits you. Something freezes you.
You block the lemure's attack.
You miss something. You closely miss the lemure.
The lemure shouts!
You hit the endoplasm. The endoplasm freezes you.
You are frozen.
Something hits you. Something freezes you. The lemure hits you.
You barely miss something. You barely miss the lemure. You slash the endoplasm!
You kill the endoplasm!
Beogh accepts your kill. The lemure hits you but does no damage.
Something hits you but does no damage. Something hits you.
Something freezes you. Something hits you but does no damage.
Something hits you but does no damage.
There is a stone staircase leading up here.
Something hits you. Something freezes you.
The lemure hits you but does no damage.
You climb upwards.
Reactivating autopickup.
There is a stone staircase leading down here.
You barely miss the lemure.
The lemure is lightly wounded.
You closely miss something. The lemure hits you. Something hits you.
Something freezes you.
Deactivating autopickup; reactivate with Ctrl-A.
Something hits you. Something freezes you.
* * * LOW HITPOINT WARNING * * *
The lemure hits you.
* * * LOW HITPOINT WARNING * * *
You feel very mighty all of a sudden. Something hits you.
* * * LOW HITPOINT WARNING * * *
Something freezes you.
* * * LOW HITPOINT WARNING * * *
The lemure hits you.
* * * LOW HITPOINT WARNING * * *
You miss something. You slash the lemure! The lemure hits you.
* * * LOW HITPOINT WARNING * * *
Something hits you!
You die...

....#####.......#
#.....# #...
###..###........#
#.############
##..#.........#
#.#......#....
##...........#
#.#.###.......
##..........#
#.#รท# #.......
#..........# #.#.#
#.......
#..........####.#.#
#.......
#..........{##..#.#
#.......
####.......@5..##.#
#.......
#.############)#
#....... #.#
##.....#.# #.......
#.# #........#
#....... #.#
#......### #######.
#.# #......# ##
####.# #......#
#....# ###......#
#.#### #........#


You could see a lemure.

Vanquished Creatures
  3 gnolls (D:3)
  5 adders
  An ufetubus (D:4)
  2 worms
  2 dart slugs
  7 bats
  15 endoplasms
  4 giant cockroaches
  9 hobgoblins
  4 jackals
  4 quokkas
  10 ball pythons
  2 frilled lizards (D:2)
  5 goblins
  7 kobolds
  5 rats
85 creatures vanquished.

Vanquished Creatures (others)
  An orc wizard (D:3)
  An orc (D:3)
2 creatures vanquished.

Grand Total: 87 creatures vanquished

Notes
Turn   | Place    | Note
-------+----------+-------------------------------------------
     0 | D:1      | Farfigtubin the Hill Orc Fighter began the quest for the
                  | Orb.
     0 | D:1      | Reached XP level 1. HP: 19/19 MP: 1/1
   115 | D:1      | Reached skill level 3 in Axes
   218 | D:1      | Reached XP level 2. HP: 26/27 MP: 2/2
   480 | D:1      | You fall into a shaft and drop 1 floor!
   502 | D:2      | Reached XP level 3. HP: 33/33 MP: 3/3
  1010 | D:2      | Reached skill level 4 in Axes
  1027 | D:2      | Reached XP level 4. HP: 39/40 MP: 4/4
  1070 | D:2      | Found a faded altar of an unknown god.
  1728 | D:3      | Became a worshipper of Beogh the Brigand
  1871 | D:3      | Reached XP level 5. HP: 24/47 MP: 5/5
  2402 | D:3      | Found a sparkling altar of Nemelex Xobeh.
  2600 | D:4      | Reached skill level 5 in Axes
  2652 | D:4      | Reached * piety under Beogh
  2700 | D:4      | Noticed a lemure
  2709 | D:4      | Noticed a lemure
  2710 | D:4      | Noticed Pikel
  2726 | D:4      | Noticed a lemure
  2736 | D:3      | Slain by Pikel

Illustrated notes

Levels and vault maps discovered:
D:1:      dpeg_arrival_lava_temple_mockup, layout_basic, st_stairs_4,
          nrook_uturn, minivault_19
D:2:      minmay_inner_zag, layout_loops_ring,
          ebering_ecumenical_altar_abandoned, minmay_mini_jars
D:3:      layout_basic, nemelex_diamond_rough_becter
D:4:      layout_rooms, mainiacjoe_overflow_alcove_1, uniq_pikel, uniq_sigmund

Skill      XL: |  1  2  3  4  5 |
---------------+----------------+-----
Axes           | 3 4 5 |  5.2
Fighting       | 4 |  4.5
Armour         | 4 |  4.3
Shields        | 4 |  4.0

Action                   |  1- 3 |  4- 6 || total
-------------------------+-------+-------++-------
Melee: War axe           |    99 |   135 ||   234
Throw: Javelin           |       |     2 ||     2
Invok: Convert to Beogh  |       |     1 ||     1
  Use: Scroll            |       |     1 ||     1
       Potion            |       |     1 ||     1
Armor: Scale mail        |    51 |    82 ||   133
Dodge: Dodged            |    42 |    86 ||   128
Block: Buckler           |    15 |    39 ||    54
